AoeStats
← LeeFvn

Lombardia

509558643Analyzed
4v4 RM · 4d ago on Sep 27, 2026· 68m 33s· 8 players
Game mode
Random Map
Map size
Large (8 player)
Population
200
Speed
Normal
Resources
Standard
Victory
Conquest
Starting age
Dark Age
Ending age
Imperial Age
RankedLock teamsTeams togetherTeam positionsShared explorationLock speedFull tech treeHidden civsTurbo modeCheats
Victory
Defeat
🇹🇼 Turks · Taiwan
1119
+12
🇨🇳 Japanese · China
1010
+16
🇦🇷 Burmese · Argentina
983
+17
🇹🇼 Franks · Taiwan
937
+19
🇲🇽 Hindustanis · Mexico
1036
-17
🇺🇸 Teutons · United States
1016
-16
🇨🇳 Varangians · China
1004
-16
🇺🇦 Goths · Ukraine
998
-15
root
12:46 Feudal Age
13:55 Double-Bit Axe
15:08 Bloodlines
17:26 Horse Collar
21:17 Castle Age
20:29 Scale Mail Armor
20:34 Scale Barding Armor
20:42 Forging
21:51 Loom
23:40 Bow Saw
23:57 Heavy Plow
24:41 Wheelbarrow
28:12 Hand Cart
28:05 Gold Mining
29:53 Caravan
34:04 Imperial Age
35:28 Ballistics
35:15 Cavalier
36:46 Crop Rotation
36:09 Stone Mining
36:43 Chain Barding Armor
36:38 Chain Mail Armor
36:58 Iron Casting
36:15 Fletching
38:29 Plate Barding Armor
38:29 Iron Casting
38:32 Conscription
38:48 Hoardings
39:10 Stone Shaft Mining
38:21 Paladin
40:01 Plate Mail Armor
39:28 Bodkin Arrow
41:32 Fervor
41:43 Sanctity
43:23 Blast Furnace
48:40 Town Watch
54:49 Town Patrol
56:50 Two-Man Saw
boobiwest
0:51 Loom
14:42 Feudal Age
15:57 Wheelbarrow
15:09 Double-Bit Axe
15:06 Horse Collar
20:50 Castle Age
21:51 Hand Cart
21:47 Bow Saw
21:38 Heavy Plow
24:20 Town Watch
30:59 Gold Mining
31:00 Stone Mining
33:28 Town Patrol
34:25 Stone Shaft Mining
34:35 Scale Mail Armor
34:46 Forging
34:27 Fletching
37:32 Iron Casting
37:12 Chain Mail Armor
36:53 Bodkin Arrow
37:00 Padded Archer Armor
37:54 Caravan
41:58 Anarchy
44:31 Imperial Age
41:46 Treadmill Crane
42:17 Masonry
42:03 Murder Holes
42:29 Ballistics
42:33 Leather Archer Armor
45:53 Perfusion
46:15 Conscription
45:19 Elite Huskarl
45:30 Sappers
45:45 Pikeman
45:45 Man-at-Arms
46:26 Squires
47:28 Blast Furnace
46:29 Bracer
46:59 Ring Archer Armor
46:35 Scale Barding Armor
47:06 Architecture
47:37 Chemistry
46:23 Long Swordsman
46:25 Halberdier
48:39 Guilds
48:04 Two-Handed Swordsman
49:33 Champion
59:47 Crop Rotation
60:31 Two-Man Saw
65:25 Elite Skirmisher
66:30 Chain Barding Armor
Maverick
4:32 Loom
11:16 Feudal Age
15:15 Castle Age
13:31 Double-Bit Axe
15:16 Horse Collar
16:27 Heavy Plow
28:41 Imperial Age
27:05 Wheelbarrow
27:31 Bow Saw
27:40 Scale Barding Armor
28:13 Forging
28:39 Hand Cart
28:56 Chain Barding Armor
29:03 Bloodlines
30:07 Iron Casting
29:26 Town Watch
30:19 Town Patrol
31:08 Plate Barding Armor
31:02 Husbandry
31:17 Heavy Camel Rider
33:35 Blast Furnace
32:57 Conscription
32:39 Grand Trunk Road
33:55 Imperial Camel Rider
36:03 Conscription
35:47 Caravan
35:53 Stone Mining
35:54 Gold Mining
38:58 Gold Shaft Mining
38:56 Padded Archer Armor
40:50 Leather Archer Armor
41:39 Chemistry
42:19 Ring Archer Armor
43:08 Two-Man Saw
42:45 Stone Shaft Mining
43:40 Ballistics
47:13 Fletching
54:47 Masonry
54:50 Fortified Wall
54:43 Bodkin Arrow
56:00 Elite Skirmisher
57:22 Siege Elephant
62:56 Hoardings
62:46 Thumb Ring
67:02 Shatagni
LeeFvn
3:25 Loom
14:31 Feudal Age
22:40 Castle Age
21:55 Double-Bit Axe
21:53 Horse Collar
25:17 Bow Saw
25:17 Stone Mining
26:12 Wheelbarrow
26:54 Gold Mining
27:34 Treadmill Crane
28:07 Fortified Wall
30:22 Ballistics
31:23 Heavy Plow
32:35 Scale Mail Armor
32:46 Forging
33:04 Hand Cart
38:07 Imperial Age
36:09 Caravan
37:46 Husbandry
37:57 Bloodlines
38:28 Iron Casting
38:08 Chain Mail Armor
37:59 Scale Barding Armor
37:59 Squires
37:44 Gambesons
37:45 Arson
39:21 Crop Rotation
39:57 Two-Man Saw
38:26 Gothikon
39:31 Conscription
39:49 Murder Holes
40:43 Stone Shaft Mining
40:49 Plate Mail Armor
40:31 Elite Varangian Guard
40:34 Elite Jarl
42:06 Vendel Legacy
43:38 Cranequins
45:22 Blast Furnace
45:25 Chain Barding Armor
48:39 Plate Barding Armor
47:55 Fletching
48:05 Padded Archer Armor
52:04 Elite Skirmisher
53:34 Bodkin Arrow
53:51 Siege Engineers
53:57 Masonry
54:48 Chemistry
59:16 Architecture
62:35 Pikeman
64:45 Halberdier
Hellogigi
12:28 Feudal Age
12:57 Double-Bit Axe
18:14 Castle Age
18:39 Forging
18:57 Husbandry
20:14 Iron Casting
22:23 Bow Saw
25:49 Wheelbarrow
26:42 Scale Mail Armor
27:24 Scale Barding Armor
32:31 Imperial Age
30:21 Hand Cart
30:31 Gold Mining
35:35 Caravan
35:58 Cavalier
37:07 Chivalry
37:32 Conscription
39:03 Chain Barding Armor
38:24 Paladin
45:24 Plate Barding Armor
45:05 Chain Mail Armor
雪科第五中學
0:38 Loom
9:49 Feudal Age
28:05 Castle Age
26:11 Stone Mining
26:12 Horse Collar
26:35 Gold Mining
28:55 Heavy Plow
31:24 Wheelbarrow
31:36 Fortified Wall
39:58 Imperial Age
37:46 Hand Cart
37:22 Town Watch
37:56 Forging
39:31 Iron Casting
40:08 Scale Mail Armor
40:00 Fletching
41:32 Treadmill Crane
42:54 Blast Furnace
42:11 Chain Mail Armor
41:53 Bodkin Arrow
41:31 Pikeman
42:11 Squires
41:57 Arson
42:44 Conscription
43:12 Halberdier
45:14 Plate Mail Armor
44:45 Bracer
47:33 Crop Rotation
Duncan
3:27 Loom
12:09 Feudal Age
13:51 Double-Bit Axe
16:19 Castle Age
14:04 Horse Collar
14:53 Gold Mining
19:02 Bow Saw
22:02 Stone Mining
29:02 Imperial Age
26:55 Heavy Plow
28:47 Gold Shaft Mining
29:44 Wheelbarrow
28:54 Town Watch
29:44 Wheelbarrow
29:27 Padded Archer Armor
29:28 Scale Mail Armor
29:37 Scale Barding Armor
29:42 Forging
30:36 Conscription
30:50 Caravan
32:09 Leather Archer Armor
32:15 Chain Barding Armor
33:37 Hand Cart
33:22 Town Patrol
33:37 Hand Cart
34:18 Ring Archer Armor
34:24 Iron Casting
36:18 Squires
37:20 Husbandry
37:30 Bloodlines
38:06 Treadmill Crane
38:38 Fortified Wall
38:49 Elite Janissary
40:56 Blast Furnace
40:31 Plate Barding Armor
41:51 Arson
42:08 Scale Mail Armor
41:59 Fletching
47:27 Two-Man Saw
51:24 Sappers
53:13 Coinage
52:54 Guilds
54:35 Bodkin Arrow
54:55 Chain Mail Armor
56:08 Banking
58:23 Masonry
58:10 Murder Holes
68:04 Artillery
68:24 Sipahi
68:40 Hoardings
PacificKempeitai
7:06 Loom
10:15 Feudal Age
11:24 Double-Bit Axe
11:23 Horse Collar
15:05 Forging
23:28 Castle Age
21:43 Bloodlines
23:15 Scale Barding Armor
23:22 Scale Mail Armor
25:05 Bow Saw
24:56 Heavy Plow
24:54 Gold Mining
24:58 Stone Mining
26:03 Wheelbarrow
26:23 Gold Shaft Mining
32:11 Caravan
35:07 Imperial Age
32:25 Town Watch
36:13 Conscription
37:14 Two-Man Saw
36:38 Chain Mail Armor
36:59 Iron Casting
36:48 Fervor
37:22 Squires
36:45 Pikeman
37:11 Arson
37:28 Husbandry
38:02 Plate Mail Armor
37:24 Fletching
37:41 Light Cavalry
37:47 Light Cavalry
37:52 Halberdier
37:53 Man-at-Arms
38:18 Gambesons
40:14 Blast Furnace
39:16 Padded Archer Armor
39:45 Chain Barding Armor
40:33 Chemistry
39:14 Treadmill Crane
40:37 Chemistry
39:58 Ballistics
39:44 Siege Engineers
39:50 Masonry
39:04 Long Swordsman
40:46 Kataparuto
39:51 Two-Handed Swordsman
40:40 Thumb Ring
41:00 Hand Cart
40:48 Town Patrol
41:29 Champion
42:08 Bodkin Arrow
42:36 Leather Archer Armor
42:36 Fortified Wall
43:27 Heavy Cavalry Archer
44:32 Parthian Tactics
46:13 Murder Holes
47:59 Hoardings
47:29 Bracer
51:25 Elite Samurai
52:06 Yasama
56:29 Onager
Connection lost

Rejoining the realm…

Still unreachable

The connection could not be restored.

Session expired

The server has moved on; the page needs a fresh start.